 Dungeon Crawl Stone Soup version 0.28-a0-1613-gdaab1c2f9b (webtiles) character file.

Game seed: 15162431817289318633

361 ragingrage the Skirmisher (level 6, -1/40 HPs)
             Began as a Gargoyle Artificer on Jan 21, 2022.
             Slain by a scorpion (7 damage)
             ... on level 5 of the Dungeon.
             The game lasted 00:04:41 (4748 turns).

ragingrage the Skirmisher (Gargoyle Artificer)      Turns: 4748, Time: 00:04:42

Health: -1/40      AC: 12    Str: 17    XL:     6   Next: 66%
Magic:  6/6        EV: 11    Int: 12    God:
Gold:   145        SH:  0    Dex: 10    Spells: 5/5 levels left

rFire   + . .      SeeInvis .   a - +0 mace
rCold   . . .      Faith    .   (no shield)
rNeg    + . .      Spirit   .   o - +0 leather armour
rPois   ∞          Reflect  .   (no helmet)
rElec   +          Harm     .   (no cloak)
rCorr   .          Rampage  .   w - +1 pair of gloves
Will    .....                   j - +2 pair of boots {Fly}
Stlth   +.........              (no amulet)
HPRegen 0.13/turn               i - ring of protection from fire
MPRegen 0.10/turn               (no ring)

@: flying
A: sickness immunity, AC +4, negative energy resistance 1, electricity
resistance, torment resistance 1, petrification resistance
a: no special abilities


You were on level 5 of the Dungeon.
You visited 1 branch of the dungeon, and saw 5 of its levels.

You collected 145 gold pieces.

Inventory:

Hand Weapons
 a - a +0 mace (weapon)
 b - a +2 vorpal hunting sling
Missiles
 g - 6 atropa-tipped darts
 p - 71 stones
Armour
 j - a +2 pair of boots of flying (worn)
 o - a +0 leather armour (worn)
 w - a +1 pair of gloves (worn)
Jewellery
 i - a ring of protection from fire (left hand)
 r - a ring of positive energy
Wands
 c - a wand of flame (13) (quivered)
 d - a wand of charming (15)
Scrolls
 k - a scroll of immolation {unknown}
 l - 2 scrolls of enchant weapon {unknown}
 n - 3 scrolls of enchant armour {unknown}
 q - 5 scrolls of identify {unknown}
 s - a scroll of fog {unknown}
 t - 3 scrolls of teleportation {unknown}
 v - a scroll of vulnerability {unknown}
Potions
 f - a potion of lignification {unknown}
 h - 2 potions of mutation {unknown}
 m - a potion of berserk rage {unknown}
 u - a potion of flight {unknown}
Miscellaneous
 e - a piece from Xom's chessboard (12/15)


   Skills:
 + Level 5.1 Fighting
 - Level 2.1 Armour
 - Level 0.7 Dodging
 - Level 1.1 Stealth
 + Level 5.0 Evocations


You had 5 spell levels left.
You didn't know any spells.
Your spell library contained the following spells:

 Spells                   Type           Power      Damage    Failure   Level
 Gell's Gravitas          Tloc           0%         N/A       75%         3
 Lesser Beckoning         Tloc           0%         N/A       75%         3
 Teleport Other           Tloc           0%         N/A       75%         3
 Leda's Liquefaction      Hex/Erth       0%         N/A       98%         4
 Lee's Rapid Deconstruct  Erth           0%         3d5*      100%        5
 Statue Form              Tmut/Erth      Unusable   N/A       N/A         6

Dungeon Overview and Level Annotations

Branches:
Dungeon (5/15)
 Temple: D:4-7

Altars:
Cheibriados
Uskayaw
Vehumet

Shops:
D:1 [

Annotations:
D:4 exclusion: downstairs
D:5 Pikel


Innate Abilities, Weirdness & Mutations

You are immune to sickness and miasma.
Your stone body is resilient. (AC +4)
You are immune to poison.
You resist negative energy. (rN+)
You are resistant to electric shocks. (rElec)
You are resistant to unholy torment.
You are immune to petrification.


Message History

The scorpion is moderately wounded.
The scorpion stings you but does no damage. x2
You barely miss the scorpion.
The scorpion is moderately wounded.
The scorpion closely misses you.
The scorpion stings you but does no damage.
You hit the scorpion but do no damage.
The scorpion is moderately wounded.
The scorpion stings you.
You are too injured to fight recklessly!
You closely miss the scorpion.
The scorpion is moderately wounded.
The scorpion stings you. The scorpion barely misses you.
You closely miss the scorpion.
The scorpion is moderately wounded.
The scorpion stings you! The scorpion closely misses you.
You are too injured to fight recklessly!
You sock the scorpion!
The scorpion is severely wounded.
The scorpion misses you.
You barely miss the scorpion.
The scorpion is severely wounded.
The scorpion stings you. The scorpion stings you!
* * * LOW HITPOINT WARNING * * *
You hit the scorpion but do no damage.
The scorpion is heavily wounded.
The scorpion stings you but does no damage.
The scorpion stings you.
* * * LOW HITPOINT WARNING * * *
You hit the scorpion.
The scorpion is severely wounded.
The scorpion stings you but does no damage.
Aiming: Throw Flame
Press: ? - help, Q - select action, (/) - cycle Shift-Dir - straight line, f/p - scorpion
Aim: a scorpion (severely wounded, 74% to hit)
The puff of flame hits the scorpion.
The scorpion is severely wounded.
The scorpion stings you but does no damage.
The scorpion stings you!
You die...

#..# #.# .. #..# #.# ...
#.$. #.# ....
#.#.###.##.....
..#............
#########(###....
#......†.(# ..
##########.........#####
#.............@s.........
#####..###......<..........
....................#######
##########...............
#..........####.
############


You could see a scorpion.

Vanquished Creatures
  Eustachio (D:4)
  A lemure (D:4)
  A scorpion (D:4)
  A hound (D:4)
  3 hound skeletons
  6 adders
  A dart slug (D:3)
  4 orcs
  2 giant cockroaches
  7 goblins
  7 hobgoblins
  5 kobolds
  4 quokkas
  2 ball pythons
  2 bats
  4 frilled lizards
51 creatures vanquished.

Notes
Turn   | Place    | Note
-------+----------+-------------------------------------------
     0 | D:1      | ragingrage the Gargoyle Artificer began the quest for the
                  | Orb.
     0 | D:1      | Reached XP level 1. HP: 12/12 MP: 1/1
    51 | D:1      | Found a faded altar of an unknown god.
   545 | D:1      | Found Zuniag's Armour Boutique.
   582 | D:1      | Reached XP level 2. HP: 15/17 MP: 2/2
  1109 | D:2      | You fall into a shaft and drop 1 floor!
  1564 | D:2      | Reached XP level 3. HP: 21/21 MP: 3/3
  2127 | D:3      | Reached XP level 4. HP: 28/28 MP: 4/4
  2752 | D:3      | Found a hide-covered altar of Uskayaw.
  2752 | D:3      | Found a snail-covered altar of Cheibriados.
  2752 | D:3      | Found a radiant altar of Vehumet.
  2868 | D:4      | Noticed Eustachio
  3170 | D:4      | Identified the +4 ring mail of the Past {Rampage Drain
                  | +Blink rF-}
  3291 | D:4      | Noticed a scorpion
  3307 | D:4      | Killed a scorpion
  3308 | D:4      | Reached XP level 5. HP: 33/33 MP: 5/5
  3604 | D:4      | Killed Eustachio
  3605 | D:4      | Reached XP level 6. HP: 25/39 MP: 6/6
  4263 | D:5      | Entered Level 5 of the Dungeon
  4273 | D:5      | Noticed Pikel
  4561 | D:4      | Reached skill level 5 in Fighting
  4561 | D:4      | Reached skill level 5 in Evocations
  4748 | D:5      | Slain by a scorpion

Illustrated notes

Levels and vault maps discovered:
D:1:      saegor_arrival_simple_d, layout_loops_cross, serial_shops,
          nicolae_lakefront_shop, chequers_ecumenical_altar_grove
D:2:      layout_basic
D:3:      layout_loops_corners, gammafunk_temple_overflow_claw
D:4:      layout_loops_ring, serial_rivers, chequers_serial_rivers_room_b,
          chequers_serial_rivers_large_a, chequers_serial_rivers_small_b,
          chequers_serial_rivers_micro_b, chequers_serial_rivers_micro_a,
          uniq_eustachio
D:5:      minmay_recursive_quarters, layout_rooms, minmay_temple_entry_glass,
          uniq_pikel

Skill      XL: |  1  2  3  4  5  6 |
---------------+-------------------+-----
Evocations     | 3 4 5 |  5.0
Fighting       | 2 3 4 5 |  5.1
Armour         | |  2.1
Dodging        | |  0.7
Stealth        | |  1.1

Action                   |  1- 3 |  4- 6 || total
-------------------------+-------+-------++-------
Melee: Club              |    36 |       ||    36
       Mace              |    71 |    97 ||   168
       Punch             |     2 |     1 ||     3
 Fire: Hunting sling     |    11 |    67 ||    78
Evoke: Wand              |       |     2 ||     2
       Piece from Xom's  |       |     8 ||     8
 Stab: Sleeping          |     1 |     1 ||     2
Armor: Leather armour    |    53 |    75 ||   128
Dodge: Dodged            |    84 |    80 ||   164

Table legend: (Time is in decaauts)
 A = Elapsed time spent in this place.
 B = Non-inter-level travel time spent in this place.
 C = Inter-level travel time spent in this place.
 D = Time resting spent in this place.
 E = Time spent auto-exploring this place.
 F = Levels seen in this place.
 G = Mean time per level.
                   A        B        C        D        E       F      G
               +--------+--------+--------+--------+--------+-----+--------+
         Total |   4837 |   4527 |    310 |    875 |   2871 |   5 |  967.4 |
       Dungeon |   4837 |   4527 |    310 |    875 |   2871 |   5 |  967.4 |
               +--------+--------+--------+--------+--------+-----+--------+

Top non-repeatable levels by time:
     D:3: 1422 daAuts
     D:4: 1235 daAuts
     D:1: 1126 daAuts
     D:2: 772 daAuts
     D:5: 280 daAuts
